AoeStats
← chewie1706

Black Forest

508750820Analyzed
4v4 RM · 7d ago on Sep 23, 2026· 52m 42s· 8 players
Game mode
Random Map
Map size
Large (8 player)
Population
200
Speed
Normal
Resources
Standard
Victory
Conquest
Starting age
Dark Age
Ending age
Imperial Age
RankedLock teamsTeams togetherTeam positionsShared explorationLock speedFull tech treeHidden civsTurbo modeCheats
Victory
Defeat
🇫🇷 Mapuche · France
1522
+10
🇫🇷 Maya · France
1491
+11
🇫🇷 Saracens · France
1414
+14
🇫🇷 Celts · France
1346
+16
🇫🇷 Sicilians · France
1449
-16
🇦🇷 Burgundians · Argentina
1384
-13
🇺🇸 Byzantines · United States
1355
-12
🇦🇷 Khmer · Argentina
1292
-10
Queens_StoneAge
5:14 Loom
12:47 Feudal Age
14:02 Double-Bit Axe
16:31 Castle Age
15:36 Horse Collar
18:11 Bow Saw
19:42 Demolition Ship
21:21 Demolition Ship
22:52 Wheelbarrow
22:15 Fishing Lines
23:41 Gold Mining
27:51 Imperial Age
26:16 Treadmill Crane
26:40 Murder Holes
27:11 Caravan
27:24 Stone Mining
28:59 Ballistics
29:49 Chemistry
29:13 Ballistics
28:39 Arrowslits
29:24 Conscription
29:51 Gold Shaft Mining
29:37 Hand Cart
31:17 Fletching
32:00 Bombard Tower
39:35 Crossbowman
40:20 Thumb Ring
40:18 Bodkin Arrow
40:24 Padded Archer Armor
41:05 Arbalester
43:27 Bracer
43:43 Leather Archer Armor
48:54 Ring Archer Armor
Zozénia
6:15 Loom
8:21 Loom
12:44 Feudal Age
16:29 Castle Age
14:31 Double-Bit Axe
17:56 Bow Saw
20:14 Horse Collar
22:37 Wheelbarrow
24:33 Hand Cart
28:09 Imperial Age
26:25 Scale Mail Armor
26:36 Forging
26:59 Gold Mining
28:00 Chain Mail Armor
27:07 Pikeman
27:48 Squires
28:22 Onager
29:45 Siege Engineers
30:54 Iron Casting
30:50 Plate Mail Armor
33:13 Chemistry
33:26 Blast Furnace
33:31 Conscription
33:41 Heated Shot
34:14 Ballistics
33:20 Halberdier
35:23 First Crusade
34:48 Sappers
34:41 Elite Serjeant
36:19 Hauberk
35:58 Siege Onager
36:46 Fletching
36:56 Padded Archer Armor
36:53 Gambesons
38:03 Town Watch
40:23 Masonry
40:59 Scale Barding Armor
40:50 Bodkin Arrow
41:03 Hauberk
41:07 Cavalier
41:59 Bloodlines
41:49 Husbandry
42:10 Chain Barding Armor
44:05 Coinage
45:53 Caravan
47:20 Plate Barding Armor
47:09 Light Cavalry
Weafol
0:52 Loom
12:47 Feudal Age
17:14 Castle Age
17:43 Horse Collar
17:56 Double-Bit Axe
18:54 Bow Saw
18:48 Heavy Plow
18:38 Fishing Lines
22:02 Gillnets
24:19 Wheelbarrow
26:34 Imperial Age
25:28 Wheelbarrow
26:41 Hand Cart
27:49 Crop Rotation
27:13 Stone Mining
27:16 Gold Mining
29:37 Town Watch
30:34 Gold Shaft Mining
30:37 Stone Shaft Mining
30:06 Caravan
30:31 Town Patrol
32:24 Elite Battle Elephant
33:05 Husbandry
33:15 Bloodlines
34:32 Scale Barding Armor
34:37 Forging
35:08 Conscription
35:07 Tusk Swords
35:43 Hoardings
36:19 Chain Barding Armor
36:38 Iron Casting
39:46 Plate Barding Armor
40:12 Blast Furnace
42:19 Onager
43:57 Siege Engineers
Potu
0:31 Loom
8:14 Double-Bit Axe
13:46 Feudal Age
13:00 Fishing Lines
13:38 Horse Collar
17:47 Castle Age
17:38 Bow Saw
18:35 Gillnets
19:08 Gold Mining
23:13 Gold Shaft Mining
23:19 Wheelbarrow
23:46 Town Watch
26:34 Imperial Age
25:07 Hand Cart
25:13 Hand Cart
25:46 Treadmill Crane
26:19 Scale Barding Armor
26:15 Stone Mining
27:50 Chain Barding Armor
28:00 Conscription
27:58 Burgundian Vineyards
29:25 Two-Man Saw
28:12 Cavalier
28:52 Husbandry
30:42 Plate Barding Armor
29:52 Paladin
30:31 Horse Collar
32:26 Chemistry
31:40 Forging
32:36 Ballistics
32:07 Fletching
31:49 Light Cavalry
32:38 Heavy Plow
33:05 Hussar
34:36 Iron Casting
34:39 Bodkin Arrow
36:17 Blast Furnace
37:02 Bracer
36:52 Arrowslits
38:00 Guilds
40:45 Caravan
43:23 Crop Rotation
43:45 Padded Archer Armor
45:52 Leather Archer Armor
46:10 Elite Skirmisher
AGS.Shirar
0:31 Loom
11:12 Feudal Age
16:04 Castle Age
14:23 Double-Bit Axe
18:28 Bow Saw
22:14 Wheelbarrow
23:07 Horse Collar
24:00 Town Watch
25:51 Heavy Plow
29:30 Imperial Age
30:10 Gold Mining
30:12 Stone Mining
30:07 Onager
31:45 Siege Onager
32:38 Siege Engineers
33:51 Gold Shaft Mining
33:52 Stone Shaft Mining
34:36 Chemistry
36:02 Furor Celtica
36:12 Caravan
38:43 Fletching
38:54 Scale Mail Armor
39:04 Forging
38:16 Pikeman
39:21 Halberdier
40:58 Chain Mail Armor
40:39 Bodkin Arrow
42:49 Plate Mail Armor
42:54 Iron Casting
51:30 Capped Ram
Eras Mousse
0:26 Loom
11:56 Feudal Age
13:13 Double-Bit Axe
15:51 Castle Age
13:47 Fishing Lines
20:33 Bow Saw
23:12 Gillnets
26:35 Stone Mining
26:36 Gold Mining
29:52 Imperial Age
27:39 Fortified Wall
27:46 Scale Mail Armor
27:56 Forging
27:36 Fletching
27:47 Padded Archer Armor
28:09 Ballistics
28:48 Wheelbarrow
27:59 Town Watch
29:54 Bodkin Arrow
30:52 Stone Shaft Mining
29:46 Pikeman
30:26 Squires
30:12 Arson
30:43 Chain Mail Armor
31:03 Iron Casting
30:44 Leather Archer Armor
31:39 Chemistry
30:50 Masonry
30:24 Treadmill Crane
30:33 Elite Plumed Archer
30:39 Eagle Warrior
31:35 Bracer
32:22 Holcans
33:07 Conscription
33:22 Hoardings
33:56 Plate Mail Armor
34:32 Blast Furnace
33:32 Bracer
33:00 Elite Eagle Warrior
35:13 Hand Cart
36:10 Blast Furnace
35:50 Caravan
37:33 Two-Man Saw
37:20 Leather Archer Armor
37:08 Bracer
37:23 Leather Archer Armor
38:08 Architecture
40:20 Ring Archer Armor
chewie1706
11:38 Feudal Age
13:18 Double-Bit Axe
15:44 Castle Age
13:30 Fishing Lines
16:25 Wheelbarrow
17:36 Bow Saw
19:42 Gillnets
24:15 Gold Mining
25:57 Loom
25:58 Town Watch
30:07 Imperial Age
27:59 Stone Mining
28:04 Fletching
28:14 Padded Archer Armor
29:19 Stone Shaft Mining
29:03 Bodkin Arrow
29:54 Gold Shaft Mining
29:44 Malon
30:14 Ballistics
30:45 Leather Archer Armor
31:06 Hand Cart
31:59 Chemistry
31:13 Butalmapu
31:38 Conscription
32:11 Ring Archer Armor
31:45 Elite Bolas Rider
33:10 Caravan
35:40 Masonry
35:11 Treadmill Crane
35:27 Murder Holes
35:38 Siege Engineers
45:26 Architecture
48:34 Coinage
52:20 Banking
AGS.Sylvatica
9:17 Loom
11:52 Feudal Age
12:20 Double-Bit Axe
17:01 Wheelbarrow
19:47 Castle Age
22:10 Horse Collar
25:13 Hand Cart
25:36 Heavy Plow
25:23 Fishing Lines
28:22 Imperial Age
26:22 Scale Barding Armor
26:27 Forging
28:09 Chain Barding Armor
28:46 Bow Saw
29:30 Bloodlines
29:21 Husbandry
29:57 Iron Casting
29:18 Heavy Camel Rider
29:57 Gold Mining
31:56 Chemistry
31:58 Plate Barding Armor
32:24 Blast Furnace
33:35 Blast Furnace
33:03 Conscription
35:51 Elite Mameluke
40:19 Caravan
44:33 Siege Engineers
47:49 Light Cavalry
Connection lost

Rejoining the realm…

Still unreachable

The connection could not be restored.

Session expired

The server has moved on; the page needs a fresh start.